 Dungeon Crawl Stone Soup version 0.27-a0-1232-gc6a4cbde82 (webtiles) character file.

Game seed: 14400245346058196162

143 robertstho the Magician (level 5, -3/35 HPs)
             Began as a Djinni Fire Elementalist on June 8, 2021.
             Slain by a gnoll
             ... wielding a +0 spear
              (9 damage)
             ... on level 4 of the Dungeon.
             The game lasted 00:02:59 (4006 turns).

robertstho the Magician (Djinni Fire Elementalist)  Turns: 4006, Time: 00:02:59

Health: -3/35      AC:  3    Str:  7    XL:     5   Next: 50%
Gold:   118        EV: 12    Int: 18    God:
                   SH:  0    Dex: 13

rFire    + + .     SeeInvis .   f - +0 short sword
rCold    x . .     Faith    .   (no shield)
rNeg     . . .     Spirit   .   a - +0 robe
rPois    ∞         Reflect  .   (no helmet)
rElec    .         Harm     .   b - scarf {shadows}
rCorr    .         Rampage  .   j - +0 pair of gloves
Will     .....                  (boots unavailable)
Stlth    ++........             (no amulet)
HPRegen  0.11/turn              (no ring)
MPRegen  0.00/turn              (no ring)

@: flying
A: sickness immunity, fire resistance 2, cold vulnerability 1, float, innate
caster, hp casting, extra vitality 1
a: no special abilities


You were on level 4 of the Dungeon.
You visited 1 branch of the dungeon, and saw 4 of its levels.

You collected 118 gold pieces.

Inventory:

Hand Weapons
 d - a +0 dagger
 f - a +0 short sword (weapon)
Armour
 a - a +0 robe (worn)
 b - a scarf of shadows (worn)
 j - a +0 pair of gloves (worn)
Wands
 n - a wand of polymorph (6)
Scrolls
 c - a scroll of acquirement {unknown}
 g - a scroll of amnesia {unknown}
 i - a scroll of noise {unknown}
 k - a scroll of vulnerability {unknown}
 l - a scroll of silence {unknown}
Potions
 e - a potion of brilliance {unknown}
 h - a potion of haste {unknown}
 m - a potion of flight {unknown}
 o - a potion of ambrosia {unknown}


   Skills:
 + Level 2.4 Dodging
 + Level 1.8 Stealth
 * Level 4.3 Spellcasting


You couldn't memorise any spells.
You knew the following spells:

 Your Spells              Type           Power      Damage    Failure   Level
a - Foxfire               Conj/Fire      76%        2x1d7     2%          1
b - Conjure Flame         Conj/Fire      19%        6-21      7%          3
c - Inner Flame           Hex/Fire       19%        N/A       7%          3
d - Sticky Flame          Conj/Fire      19%        2d4       24%         4
e - Fireball              Conj/Fire      9%         3d6       54%         5
f - Corona                Hex            21%        N/A       2%          1
g - Searing Ray           Conj           38%        3d4       3%          2
Your spell library was empty.

Dungeon Overview and Level Annotations

Branches:
Dungeon (4/15)
 Temple: D:4-7

Altars:
Ru


Innate Abilities, Weirdness & Mutations

You are immune to sickness and miasma.
You are immune to poison.
Your flesh is very heat resistant. (rF++)
You are vulnerable to cold. (rC-)
You float through the air rather than walking.
You learn spells naturally, not from books.
Your magical power is your life essence.
You have superior vitality. (+4 HP)


Message History

The gnoll shaman is severely wounded.
Casting: Foxfire (safe; 2% risk of failure)
Press: ? - help, Q - select action, (/) - cycle Dir - look around, f - activate You conjure some foxfire!
The foxfire hits the gnoll shaman but does no damage.
The gnoll shaman is severely wounded.
The foxfire hits the gnoll shaman.
You kill the gnoll shaman!
Casting: Foxfire (safe; 2% risk of failure)
Press: ? - help, Q - select action, (/) - cycle Dir - look around, f - activate You conjure some foxfire!
The foxfire hits the gnoll.
The gnoll is lightly wounded.
The foxfire hits the gnoll.
The gnoll is moderately wounded.
The foxfire hits the gnoll.
The gnoll is almost dead.
Casting: Foxfire (safe; 2% risk of failure)
Press: ? - help, Q - select action, (/) - cycle Dir - look around, f - activate You conjure some foxfire!
The foxfire hits the gnoll.
You kill the gnoll!
The foxfire hits the gnoll but does no damage.
The gnoll hits you from afar with a +0 spear.
* * * LOW HITPOINT WARNING * * *
Casting: Foxfire (safe; 2% risk of failure)
Press: ? - help, Q - select action, (/) - cycle Dir - look around, f - activate You conjure some foxfire!
* * * LOW HITPOINT WARNING * * *
The foxfire hits the gnoll.
The gnoll is lightly wounded.
The gnoll closely misses you.
The foxfire hits the gnoll.
The gnoll is heavily wounded.
Unknown command.
The foxfire hits the gnoll.
The gnoll is heavily wounded.
The foxfire hits the gnoll.
The gnoll is severely wounded.
The gnoll hits you from afar with a +0 spear!
You die...

#.....# #.....#
#.....# #.....# #
####.## g# #.# ..#
######.### ....
......§..#####.....
......@.gg).)'.....
.......§.#####.....
.........# ....
.........# ...
.........# ..
.........# .
.........#


You could see 2 gnolls.

Vanquished Creatures
  A gnoll shaman (D:4)
  2 gnolls (D:4)
  4 adders (D:2)
  An adder skeleton (D:3)
  A dart slug (D:1)
  4 ball pythons (D:1)
  6 bats
  6 endoplasms
  3 giant cockroaches
  7 goblins
  5 hobgoblins
  3 frilled lizards
  4 kobolds
  9 rats
56 creatures vanquished.

Vanquished Creatures (others)
  284 foxfires
284 creatures vanquished.

Grand Total: 340 creatures vanquished

Notes
Turn   | Place    | Note
-------+----------+-------------------------------------------
     0 | D:1      | robertstho the Djinni Fire Elementalist began the quest for
                  | the Orb.
     0 | D:1      | Reached XP level 1. HP: 15/15 MP: 0/0
   382 | D:1      | Reached XP level 2. HP: 19/21 MP: 0/0
   868 | D:1      | Found a faded altar of an unknown god.
   950 | D:1      | Reached skill level 3 in Spellcasting
  1044 | D:1      | Reached XP level 3. HP: 23/25 MP: 0/0
  1044 | D:1      | Learned a level 1 spell: Corona
  2208 | D:2      | Reached XP level 4. HP: 28/31 MP: 0/0
  2548 | D:2      | Found a sacrificial altar of Ru.
  3989 | D:4      | Reached skill level 4 in Spellcasting
  3989 | D:4      | Reached XP level 5. HP: 25/35 MP: 0/0
  3989 | D:4      | Learned a level 2 spell: Searing Ray
  4006 | D:4      | Slain by a gnoll

Illustrated notes

Levels and vault maps discovered:
D:1:      dpeg_arrival_boxes_within_box, layout_rooms,
          chequers_ecumenical_altar_simple_redux, feat_on_display
D:2:      layout_loops_ring, basic_altar
D:3:      layout_loops_ring, lightli_corner_chamber
D:4:      layout_basic, uniq_crazy_yiuf_cottage

Skill      XL: |  1  2  3  4 |
---------------+-------------+-----
Spellcasting   | 3 4 |  4.3
Dodging        | |  2.4
Stealth        | |  1.8

Action                   |  1- 3 |  4- 6 || total
-------------------------+-------+-------++-------
 Cast: Foxfire           |    91 |    77 ||   168
       Conjure Flame     |       |     1 ||     1
Armor: Robe              |     1 |       ||     1
Dodge: Dodged            |    10 |     5 ||    15

Table legend: (Time is in decaauts)
 A = Elapsed time spent in this place.
 B = Non-inter-level travel time spent in this place.
 C = Inter-level travel time spent in this place.
 D = Time resting spent in this place.
 E = Time spent auto-exploring this place.
 F = Levels seen in this place.
 G = Mean time per level.
                   A        B        C        D        E       F      G
               +--------+--------+--------+--------+--------+-----+--------+
         Total |   4004 |   3949 |     55 |      0 |   3568 |   4 | 1001.0 |
       Dungeon |   4004 |   3949 |     55 |      0 |   3568 |   4 | 1001.0 |
               +--------+--------+--------+--------+--------+-----+--------+

Top non-repeatable levels by time:
     D:1: 1623 daAuts
     D:2: 1176 daAuts
     D:3: 920 daAuts
     D:4: 283 daAuts
